 Dungeon Crawl Stone Soup version 0.31-a0-217-g58bb5d79cf (webtiles) character file.

Game seed: 4884316865666393458

14084 qw the Marksminotaur (level 11, -18/102 HPs)
             Began as a Minotaur Hexslinger on July 2, 2023.
             Was a High Priest of Okawaru.
             Demolished by a seven-headed hydra simulacrum (23 damage)
             ... in a Gauntlet.
             The game lasted 00:03:46 (8090 turns).

qw the Marksminotaur (Minotaur Hexslinger)          Turns: 8090, Time: 00:03:47

Health: -18/102    AC: 12    Str: 14    XL:     11   Next: 84%
Magic:  12/14      EV: 20    Int: 10    God:    Okawaru [*****.]
Gold:   491        SH:  0    Dex: 22    Spells: 11/12 levels left

rFire   x . .        Y - +6 longbow (drain)
rCold   . . .        (shield currently unavailable)
rNeg    + . .        b - +0 ring mail "Guplagh" {rF- Regen+ SInv Stlth+}
rPois   .            (helmet restricted)
rElec   .            r - +0 cloak
rCorr   .            n - +2 pair of gloves
SInv    +            (no boots)
Will    .....        d - amulet of faith
Stlth   ++++         j - +6 ring of dexterity
HPRegen 1.17/turn    p - ring of positive energy
MPRegen 0.14/turn

%: no teleportation, faith
@: heroic
A: horns 2, retaliatory headbutt
a: Renounce Religion, Heroism, Finesse, Duel


You were in a Gauntlet.
You worshipped Okawaru.
Okawaru was extremely pleased with you.
You visited 3 branches of the dungeon, and saw 12 of its levels.
You also visited: Sewer and Gauntlet.

You collected 586 gold pieces.
You spent 95 gold pieces at shops.


Innate Abilities, Weirdness & Mutations

You have a pair of horns on your head.
You reflexively headbutt those who attack you in melee.


   Skills:
 - Level 11.0(16.0) Fighting
 + Level 16.2(21.2) Ranged Weapons
 - Level 5.1(10.1) Armour
 - Level 8.0(13.0) Dodging
 - Level 1.0 Spellcasting
 - Level 2.0 Hexes
 + Level 5.5 Invocations


You had 11 spell levels left.
You knew the following spells:

 Your Spells              Type           Power      Damage    Failure   Level
a - Slow                  Hex            16%        N/A       26%         1

Your spell library contained the following spells:

 Spells                   Type           Power      Damage    Failure   Level
 Inner Flame              Hex/Fire       2%         N/A       75%         3
 Portal Projectile        Hex/Tloc       4%         N/A       75%         3
 Cause Fear               Hex            2%         N/A       95%         4

Inventory:

Hand Weapons
 Y - a +6 longbow of draining (weapon)
Armour
 b - the +0 ring mail "Guplagh" (worn) {rF- Regen+ SInv Stlth+}
   (You found it on level 2 of the Dungeon)

   rF:        It makes you vulnerable to fire.
   SInv:      It lets you see invisible.
   Regen:     It increases your rate of health regeneration.
   Stlth:     It makes you more stealthy.
 i - a +0 ring mail
 n - a +2 pair of gloves (worn)
 r - a +0 cloak (worn)
 s - a +1 robe of willpower
 v - the +3 hat of Pondering {ponderous, Will+ MP+10 Int+5}
   (You took it off Gastronok on level 8 of the Dungeon)

   Int:       It affects your intelligence (+5).
   MP:        It affects your magic capacity (+10).
   Will:      It increases your willpower.
Jewellery
 d - an amulet of faith (around neck)
 h - an amulet of regeneration
 j - a +6 ring of dexterity (left hand)
 p - a ring of positive energy (right hand)
Scrolls
 a - 3 scrolls of identify
 f - 4 scrolls of teleportation
Potions
 c - 3 potions of enlightenment
 e - a potion of haste
 g - 8 potions of curing
 k - 3 potions of might
 l - a potion of resistance
 m - a potion of mutation
 o - a potion of cancellation
 q - 5 potions of heal wounds
 t - a potion of magic

Dungeon Overview and Level Annotations

Branches:
Dungeon (10/15)            Temple (1/1) D:4            Lair (1/5) D:10
  Sewer (visited)         Gauntlet (1/1)
    Orc: D:9-12

Altars:
Ashenzari
Cheibriados
Dithmenos
Elyvilon
Fedhas
Gozag
Hepliaklqana
Kikubaaqudgha
Makhleb
Nemelex Xobeh
Okawaru
Qazlal
Ru
Sif Muna
Trog
Uskayaw
Vehumet
Wu Jian
Xom
Yredelemnul
Zin
The Shining One

Shops:
D:3 *

Annotations:
Gauntlet 11 transporters


Message History

You furiously retaliate!
You headbutt the centaur warrior simulacrum!
The centaur warrior simulacrum closely misses you.
The seven-headed hydra simulacrum enters a dispersal trap!
The centaur warrior simulacrum blinks! x3; You blink.
The seven-headed hydra simulacrum blinks!
The seven-headed hydra simulacrum fails to trigger a net trap.
You shoot an arrow.
The arrow completely misses the centaur warrior simulacrum.
The centaur warrior simulacrum enters a dispersal trap!
The seven-headed hydra simulacrum blinks!
You blink.
The centaur warrior simulacrum blinks!
The seven-headed hydra simulacrum bites you but does no damage.
The seven-headed hydra simulacrum completely misses you.
The seven-headed hydra simulacrum bites you.
The seven-headed hydra simulacrum freezes you!!
The seven-headed hydra simulacrum misses you.
The seven-headed hydra simulacrum closely misses you.
The seven-headed hydra simulacrum barely misses you.
The seven-headed hydra simulacrum bites you!
The seven-headed hydra simulacrum freezes you!!
The meliai simulacrum fails to trigger a net trap.
You shoot an arrow. The arrow hits the meliai simulacrum!
The meliai simulacrum is heavily damaged.
The meliai simulacrum hits you but does no damage.
The meliai simulacrum closely misses you.
You shoot an arrow. The arrow hits the meliai simulacrum.
The meliai simulacrum is heavily damaged.
The meliai simulacrum barely misses you.
The meliai simulacrum hits you but does no damage.
The centaur warrior simulacrum hits you.
The centaur warrior simulacrum freezes you!
The centaur warrior simulacrum misses you.
The seven-headed hydra simulacrum misses you.
You furiously retaliate!
You headbutt the seven-headed hydra simulacrum.
The seven-headed hydra simulacrum bites you but does no damage.
The seven-headed hydra simulacrum bites you!
The seven-headed hydra simulacrum freezes you!!
You die...

#~.................\..8..\.
##¤8.....8.....8......^....
#¤.......¤.......##########
##¤..#########...#YYY......
#~...#.##....#...#Yp.......
##...#..##Z.##...#Y........
#~...#.¤.#.###...#.........
##.8.#¤##Z##.#.8.#....^....
#¤...###.#@Z.#...#.........
##¤..##[^##Z.#...#.........
#¤.¤.#$.?^##.#...#.........
##¤..#########...#..[[^!..p
#¤.....#.^.#.....##########
##.8...#.8.#...8....#.^.#..
##......#.^.#........#...#..
#~...###########.....#.^.#..
##...#Gu#G##..##...#########


You could see a seven-headed hydra simulacrum, a centaur warrior simulacrum and
a meliai simulacrum.

Vanquished Creatures
  Gastronok (D:8)
  4 death yaks (D:10)
  A two-headed ogre (D:8)
  Pikel (D:7)
  Joseph (D:8)
  A gargoyle (D:7)
  2 cane toads (Lair:1)
  A rime drake (Lair:1)
  2 unseen horrors
  Grinder (D:4)
  4 blink frogs (Lair:1)
  A slime creature (D:7)
  4 yaks
  2 wraiths
  2 wyverns
  Eustachio (D:6)
  Menkaure (D:6)
  3 acid dragons
  Duvessa (D:6)
  2 water moccasins
  4 ice beasts
  A sky beast (D:7)
  7 orc warriors
  2 black bears (D:7)
  An ogre (D:7)
  4 lemures (D:7)
  2 kobold brigands
  5 bullfrogs
  4 gnoll sergeants (D:9)
  A scorpion (D:5)
  7 wights
  Dowan (D:6)
  7 killer bees
  3 orc priests
  3 gnoll boudas
  7 hounds
  7 jellies
  3 iguanas
  4 sleepcaps
  11 orc wizards
  26 gnolls (D:9)
  5 adders
  4 river rats
  A shadow imp (D:8)
  A white imp (D:8)
  An ufetubus (D:4)
  3 worms
  3 dart slugs
  32 orcs
  5 endoplasms
  4 giant cockroaches
  12 goblins
  12 hobgoblins
  6 jackals (D:9)
  21 kobolds
  2 quokkas
  6 ball pythons
  5 bats
  7 frilled lizards
  33 rats
309 creatures vanquished.

Vanquished Creatures (others)
  A human (D:10)
  A butterfly (D:7)
2 creatures vanquished.

Grand Total: 311 creatures vanquished

Notes
Turn   | Place    | Note
-------+----------+-------------------------------------------
     0 | D:1      | qw the Minotaur Hexslinger began the quest for the Orb.
     0 | D:1      | Reached XP level 1. HP: 16/16 MP: 1/1
     0 | D:1      | 0 ||| qw: Version: 0.3-a-40-ge99b1a8
     0 | D:1      | 0 ||| qw: Game counter: 77
     0 | D:1      | 0 ||| qw: Melee chars always use a shield: true
     0 | D:1      | 0 ||| qw: God list: Okawaru
     0 | D:1      | 0 ||| qw: Allow faded altars: false
     0 | D:1      | 0 ||| qw: Do Orc after clearing Dungeon:15 true
     0 | D:1      | 0 ||| qw: Do second Lair branch before Depths: true
     0 | D:1      | 0 ||| qw: Lair rune preference: random
     0 | D:1      | 0 ||| qw: Goals: Normal
     0 | D:1      | 0 ||| PLANNING D:1-11
   277 | D:1      | Reached skill level 3 in Ranged Weapons
   278 | D:1      | Reached XP level 2. HP: 11/23 MP: 2/2
   603 | D:1      | 603 ||| READING 5 scrolls labelled RISTUL SUROTY.
   604 | D:1      | 604 ||| READING scroll labelled TUOTEPESCHU.
   608 | D:1      | 608 ||| READING scroll labelled TARE ROMITHA.
   609 | D:1      | 609 ||| DROPPING scroll of poison.
   661 | D:2      | Identified the +0 ring mail "Guplagh" {rF- Regen+ SInv
                  | Stlth+}
   757 | D:2      | Reached XP level 3. HP: 29/29 MP: 3/3
  1300 | D:2      | 1300 ||| UPGRADING to +0 ring mail "Guplagh" {rF- Regen+
                  | SInv Stlth+}.
  1310 | D:2      | 1310 ||| DROPPING +0 robe.
  1311 | D:2      | 1311 ||| UPGRADING to amulet of faith.
  1316 | D:2      | 1316 ||| READING 4 scrolls of identify.
  1316 | D:2      | 1316 ||| IDENTIFYING fizzy dark potion
  1317 | D:2      | 1317 ||| READING 3 scrolls of identify.
  1317 | D:2      | 1317 ||| IDENTIFYING fuming brown potion
  1318 | D:2      | 1318 ||| DROPPING potion of degeneration.
  1357 | D:3      | 1357 ||| STAIRDANCE
  1360 | D:2      | Reached skill level 4 in Ranged Weapons
  1452 | D:3      | Found Ziheynud's Assorted Antiques.
  1455 | D:3      | 1455 ||| BUYING ruby ring (95 gold).
  1455 | D:3      | Bought a ruby ring for 95 gold pieces
  1455 | D:3      | 1455 ||| SHOPLISTING scroll labelled JITUPO LALENI (19
                  | gold, have 0).
  1455 | D:3      | 1455 ||| SHOPLISTING scroll labelled PUES ITTEMIBAZ (19
                  | gold, have 0).
  1502 | D:3      | 1502 ||| SWAPPING to +2 longbow of draining.
  1503 | D:3      | 1503 ||| DROPPING +1 sling.
  1708 | D:3      | Reached skill level 1 in Armour
  1715 | D:3      | Found a basalt altar of Yredelemnul.
  2020 | D:3      | 2020 ||| UPGRADING to +2 pair of gloves.
  2025 | D:3      | 2025 ||| DROPPING ring of wizardry.
  2026 | D:3      | 2026 ||| READING 2 scrolls labelled ERUPHU EPPI.
  2027 | D:3      | 2027 ||| READING scroll of enchant weapon.
  2027 | D:3      | 2027 ||| ENCHANTING +3 longbow of draining.
  2028 | D:3      | 2028 ||| READING scroll labelled OCRIEN HACS.
  2029 | D:3      | 2029 ||| DRINKING 2 grey potions.
  2030 | D:3      | 2030 ||| DRINKING 2 red potions.
  2030 | D:3      | Reached skill level 12 in Ranged Weapons
  2030 | D:3      | Reached XP level 4. HP: 36/36 MP: 4/4
  2031 | D:3      | 2031 ||| DRINKING potion of experience.
  2031 | D:3      | Reached XP level 5. HP: 60/60 MP: 5/5
  2032 | D:3      | 2032 ||| READING 2 scrolls of identify.
  2032 | D:3      | 2032 ||| IDENTIFYING inky potion
  2108 | D:4      | Reached XP level 6. HP: 68/68 MP: 6/6
  2110 | D:4      | You fall into a shaft and drop 2 floors!
  2110 | D:6      | Found a blossoming altar of Fedhas.
  2110 | D:6      | Found a sacrificial altar of Ru.
  2111 | D:6      | 2111 ||| PLANNING SEWER
  2252 | D:6      | Noticed an ice beast
  2254 | D:6      | Killed an ice beast
  2296 | D:6      | Noticed a water moccasin
  2300 | D:6      | Killed a water moccasin
  2301 | D:6      | Reached skill level 3 in Dodging
  2301 | D:6      | Reached XP level 7. HP: 74/74 MP: 7/7
  2394 | D:6      | Noticed Dowan
  2394 | D:6      | Noticed Duvessa
  2396 | D:6      | Killed Dowan
  2401 | D:6      | Noticed Eustachio
  2405 | D:6      | Killed Duvessa
  2406 | D:6      | Reached skill level 3 in Armour
  2409 | D:6      | 2409 ||| FLEEEEING.
  2410 | D:6      | 2410 ||| FLEEEEING.
  2411 | D:6      | 2411 ||| FLEEEEING.
  2412 | D:6      | 2412 ||| FLEEEEING.
  2413 | D:6      | 2413 ||| FLEEEEING.
  2414 | D:6      | 2414 ||| FLEEEEING.
  2415 | D:6      | 2415 ||| FLEEEEING.
  2416 | D:6      | 2416 ||| FLEEEEING.
  2417 | D:6      | 2417 ||| FLEEEEING.
  2418 | D:6      | 2418 ||| FLEEEEING.
  2419 | D:6      | 2419 ||| FLEEEEING.
  2420 | D:6      | 2420 ||| FLEEEEING.
  2421 | D:6      | 2421 ||| FLEEEEING.
  2422 | D:6      | 2422 ||| FLEEEEING.
  2423 | D:6      | 2423 ||| FLEEEEING.
  2424 | D:6      | 2424 ||| FLEEEEING.
  2425 | D:6      | 2425 ||| FLEEEEING.
  2438 | D:6      | Killed Eustachio
  2499 | D:6      | Found a glowing drain.
  2500 | D:6      | 2500 ||| Stepping ~*~*~tactically~*~*~ (water).
  2504 | D:6      | 2504 ||| READING scroll labelled PUES ITTEMIBAZ.
  2505 | D:6      | 2505 ||| READING 2 scrolls of identify.
  2505 | D:6      | 2505 ||| IDENTIFYING brown potion
  2511 | Sewer    | Entered a sewer
  2609 | Sewer    | 2609 ||| Stepping ~*~*~tactically~*~*~ (outnumbered).
  2663 | Sewer    | 2663 ||| Stepping ~*~*~tactically~*~*~ (water).
  2668 | Sewer    | Reached XP level 8. HP: 82/82 MP: 8/8
  2677 | Sewer    | 2677 ||| Stepping ~*~*~tactically~*~*~ (water).
  2784 | Sewer    | 2784 ||| Stepping ~*~*~tactically~*~*~ (outnumbered).
  2935 | Sewer    | 2935 ||| READING scroll labelled WYADDUPSAU.
  2936 | Sewer    | 2936 ||| DRINKING 2 pink potions.
  2937 | Sewer    | 2937 ||| DRINKING 2 blue potions.
  2938 | Sewer    | 2938 ||| DROPPING potion of invisibility.
  2957 | D:6      | 2957 ||| PLANNING D:1-11
  2999 | D:5      | Entered Level 5 of the Dungeon
  3155 | D:5      | 3155 ||| DRINKING 2 puce potions.
  3170 | D:4      | Noticed Grinder
  3174 | D:4      | Killed Grinder
  3209 | D:4      | 3209 ||| Stepping ~*~*~tactically~*~*~ (outnumbered).
  3240 | D:4      | Found a staircase to the Ecumenical Temple.
  3241 | D:4      | 3241 ||| PLANNING TEMPLE
  3243 | D:4      | 3243 ||| UPGRADING to +6 ring of dexterity.
  3251 | Temple   | Entered the Ecumenical Temple
  3404 | Temple   | 3404 ||| PLANNING D:1-11
  3712 | D:4      | 3712 ||| DRINKING 2 viscous dark potions.
  3977 | D:5      | Found a bloodstained altar of Trog.
  4215 | D:5      | 4215 ||| READING scroll labelled MIZUGE FIO.
  4316 | D:5      | 4316 ||| DRINKING 2 coppery potions.
  4317 | D:5      | 4317 ||| READING 2 scrolls of identify.
  4317 | D:5      | 4317 ||| IDENTIFYING sedimented dark potion
  4318 | D:5      | 4318 ||| DROPPING potion of brilliance.
  4411 | D:6      | Noticed Menkaure
  4413 | D:6      | Killed Menkaure
  4550 | D:6      | 4550 ||| UPGRADING to ring of positive energy.
  4597 | D:7      | Reached XP level 9. HP: 89/89 MP: 9/9
  4599 | D:7      | 4599 ||| READING scroll of enchant weapon.
  4599 | D:7      | 4599 ||| ENCHANTING +4 longbow of draining.
  4708 | D:7      | Reached skill level 6 in Dodging
  4761 | D:7      | Reached skill level 13 in Ranged Weapons
  4761 | D:7      | 4761 ||| FLEEEEING.
  4762 | D:7      | 4762 ||| FLEEEEING.
  4763 | D:7      | 4763 ||| FLEEEEING.
  4775 | D:7      | Found an iron altar of Okawaru.
  4776 | D:7      | 4776 ||| PLANNING OKAWARU WORSHIP
  4783 | D:7      | Became a worshipper of Warmaster Okawaru
  4784 | D:7      | 4784 ||| PLANNING D:1-11
  4847 | D:7      | Noticed an unseen horror
  4869 | D:7      | Killed an unseen horror
  4869 | D:7      | Reached * piety under Okawaru
  4877 | D:7      | Noticed a gargoyle
  4885 | D:7      | Killed a gargoyle
  4886 | D:7      | Reached skill level 1 in Invocations
  5030 | D:7      | Found a burning altar of Makhleb.
  5122 | D:7      | Found a hazy altar of Hepliaklqana.
  5163 | D:7      | 5163 ||| INVOKING Heroism.
  5190 | D:7      | Found a white marble altar of Elyvilon.
  5198 | D:7      | 5198 ||| INVOKING Heroism.
  5204 | D:7      | Reached XP level 10. HP: 95/95 MP: 7/10
  5356 | D:8      | Noticed Pikel
  5359 | D:8      | 5359 ||| STAIRDANCE
  5363 | D:7      | 5363 ||| INVOKING Heroism.
  5377 | D:7      | Killed Pikel
  5429 | D:8      | 5429 ||| INVOKING Heroism.
  5435 | D:8      | Reached skill level 14 in Ranged Weapons
  5469 | D:8      | 5469 ||| Stepping ~*~*~tactically~*~*~ (outnumbered).
  5475 | D:8      | 5475 ||| INVOKING Heroism.
  5477 | D:8      | Reached skill level 3 in Invocations
  5479 | D:8      | 5479 ||| Stepping ~*~*~tactically~*~*~ (outnumbered).
  5513 | D:8      | 5513 ||| INVOKING Heroism.
  5549 | D:8      | Found a sparkling altar of Nemelex Xobeh.
  5555 | D:8      | Noticed Joseph
  5559 | D:8      | 5559 ||| FLEEEEING.
  5561 | D:8      | 5561 ||| FLEEEEING.
  5562 | D:8      | 5562 ||| FLEEEEING.
  5563 | D:8      | 5563 ||| FLEEEEING.
  5564 | D:8      | 5564 ||| FLEEEEING.
  5586 | D:8      | Killed Joseph
  5586 | D:8      | Reached ** piety under Okawaru
  5741 | D:8      | Found an opulent altar of Gozag.
  5837 | D:8      | Noticed a two-headed ogre
  5838 | D:8      | 5838 ||| INVOKING Heroism.
  5843 | D:8      | Killed a two-headed ogre
  5889 | D:8      | Found a shimmering altar of Xom.
  5977 | D:8      | Found a snail-covered altar of Cheibriados.
  6285 | D:8      | Noticed Gastronok
  6286 | D:8      | 6286 ||| INVOKING Heroism.
  6297 | D:8      | Killed Gastronok
  6297 | D:8      | Reached *** piety under Okawaru
  6405 | D:8      | 6405 ||| READING scroll labelled FOZU LAINUI.
  6406 | D:8      | 6406 ||| READING 3 scrolls of identify.
  6406 | D:8      | 6406 ||| IDENTIFYING metallic puce potion
  6407 | D:8      | 6407 ||| READING 2 scrolls of identify.
  6407 | D:8      | 6407 ||| IDENTIFYING smoky white potion
  6408 | D:8      | 6408 ||| DROPPING potion of attraction.
  6455 | D:9      | 6455 ||| FLEEEEING.
  6465 | D:9      | 6465 ||| STAIRDANCE
  6501 | D:9      | Reached XP level 11. HP: 102/102 MP: 13/13
  6501 | D:9      | 6501 ||| INVOKING Heroism.
  6610 | D:9      | 6610 ||| INVOKING Heroism.
  6648 | D:9      | 6648 ||| INVOKING Heroism.
  6749 | D:9      | Reached skill level 15 in Ranged Weapons
  6825 | D:9      | 6825 ||| Stepping ~*~*~tactically~*~*~ (outnumbered).
  6833 | D:9      | 6833 ||| Stepping ~*~*~tactically~*~*~ (outnumbered).
  6835 | D:9      | 6835 ||| Stepping ~*~*~tactically~*~*~ (outnumbered).
  6839 | D:9      | 6839 ||| INVOKING Heroism.
  6843 | D:9      | 6843 ||| Stepping ~*~*~tactically~*~*~ (outnumbered).
  6947 | D:9      | 6947 ||| READING scroll of enchant weapon.
  6947 | D:9      | 6947 ||| ENCHANTING +5 longbow of draining.
  6948 | D:9      | 6948 ||| Stepping ~*~*~tactically~*~*~ (outnumbered).
  6952 | D:9      | 6952 ||| Stepping ~*~*~tactically~*~*~ (outnumbered).
  6960 | D:9      | 6960 ||| INVOKING Heroism.
  6961 | D:9      | 6961 ||| Stepping ~*~*~tactically~*~*~ (outnumbered).
  7072 | D:9      | 7072 ||| INVOKING Heroism.
  7267 | D:10     | Entered Level 10 of the Dungeon
  7284 | D:10     | Found a glowing silver altar of Zin.
  7319 | D:10     | Noticed a death yak
  7320 | D:10     | 7320 ||| INVOKING Heroism.
  7328 | D:10     | Noticed a death yak
  7330 | D:10     | Noticed a death yak
  7330 | D:10     | Killed a death yak
  7334 | D:10     | Noticed a death yak
  7343 | D:10     | Killed a death yak
  7343 | D:10     | Reached **** piety under Okawaru
  7344 | D:10     | 7344 ||| FLEEEEING.
  7348 | D:10     | 7348 ||| FLEEEEING.
  7349 | D:10     | 7349 ||| FLEEEEING.
  7350 | D:10     | 7350 ||| FLEEEEING.
  7351 | D:10     | 7351 ||| FLEEEEING.
  7353 | D:10     | 7353 ||| INVOKING Heroism.
  7356 | D:10     | Killed a death yak
  7357 | D:10     | Reached skill level 16 in Ranged Weapons
  7359 | D:10     | Killed a death yak
  7383 | D:10     | Found a staircase to the Lair.
  7398 | D:10     | Found a stormy altar of Qazlal.
  7422 | D:10     | Reached ***** piety under Okawaru
  7513 | D:10     | 7513 ||| FLEEEEING.
  7514 | D:10     | 7514 ||| FLEEEEING.
  7596 | D:10     | Found an ancient bone altar of Kikubaaqudgha.
  7738 | D:10     | 7738 ||| PLANNING LAIR
  7738 | D:10     | 7738 ||| UPGRADING to +0 cloak.
  7771 | Lair:1   | Entered Level 1 of the Lair of Beasts
  7772 | Lair:1   | 7772 ||| PLANNING GAUNTLET
  7773 | Lair:1   | 7773 ||| STAIRDANCE
  7801 | Lair:1   | 7801 ||| INVOKING Heroism.
  7823 | Lair:1   | 7823 ||| INVOKING Heroism.
  7850 | Lair:1   | 7850 ||| FLEEEEING.
  7851 | Lair:1   | 7851 ||| FLEEEEING.
  7852 | Lair:1   | 7852 ||| INVOKING Heroism.
  7906 | Lair:1   | Found a gate leading to a gauntlet.
  7915 | Gauntlet | Entered a Gauntlet
  7915 | Gauntlet | Noticed a death yak
  7915 | Gauntlet | Found a transporter.
  7918 | Gauntlet | Found a transporter.
  7918 | Gauntlet | Noticed a thrashing horror
  7932 | Gauntlet | Found a transporter.
  7936 | Gauntlet | Found a transporter.
  7940 | Gauntlet | Noticed a fire crab
  7946 | Gauntlet | Found a transporter.
  7964 | Gauntlet | Noticed a wizard
  7966 | Gauntlet | Found a transporter.
  7966 | Gauntlet | Noticed a wizard
  7974 | Gauntlet | Found a transporter.
  7977 | Gauntlet | Found a transporter.
  7979 | Gauntlet | Noticed a death yak
  7980 | Gauntlet | Noticed a death yak
  7980 | Gauntlet | Noticed a necromancer
  8000 | Gauntlet | Found a transporter.
  8017 | Gauntlet | Noticed a glowing orange brain
  8018 | Gauntlet | Noticed a glowing orange brain
  8020 | Gauntlet | Found a transporter.
  8024 | Gauntlet | Found a transporter.
  8026 | Gauntlet | Noticed a white ugly thing
  8035 | Gauntlet | Found a transporter.
  8053 | Gauntlet | Noticed a death yak
  8053 | Gauntlet | Noticed a death yak
  8087 | Gauntlet | 8087 ||| INVOKING Heroism.
  8090 | Gauntlet | HP: 13/102 [centaur warrior simulacrum (15)]
  8090 | Gauntlet | HP: 5/102 [seven-headed hydra simulacrum (8)]
  8090 | Gauntlet | Demolished by a seven-headed hydra simulacrum

Levels and vault maps discovered:
D:1:      nzn_arrival_crosshair, layout_basic, minmay_crystal_water
D:2:      layout_loops_ring, minmay_tripent
D:3:      layout_loops_cross, marbit_many_paths, serial_shops,
          nicolae_shop_real_fake_doors
D:4:      layout_rooms, minmay_temple_entry_slanted, uniq_grinder
D:5:      layout_basic, general_overflow_altar, corexii_corridor_pit
D:6:      layout_basic, chequers_temple_overflow_statue_of_worship,
          portal_sewer_entry_e, uniq_duvessa, uniq_eustachio, uniq_menkaure
D:7:      minmay_chambers_of_sixes, layout_basic, okawaru_gym_becter,
          nicolae_elyvilon_peaceful_grove, overflow_temple_1_default,
          lightli_temple_of_fire
D:8:      minmay_ornate_pinched, layout_basic, lemuel_tele_altar,
          nicolae_gozag_seed_capital, mainiacjoe_overflow_catwalk_spiral,
          minivault_5, interstate_on_off, lightli_corner_chamber,
          uniq_gastronok, uniq_pikel, uniq_joseph
D:9:      layout_cave_pools, serial_gnoll_camp, gnoll_camp_medium_01,
          gnoll_camp_mini_house, gnoll_camp_mini_hut, gnoll_camp_mini_doghouse,
          gnoll_camp_medium_02
D:10:     layout_cave_pools, mainiacjoe_overflow_cross_hatched,
          tgw_kikubaaqudgha, nicolae_qazlal_scattered_showers,
          dpeg_lair_monsters, evilmike_minifort
Temple:   nicolae_temple_bog_church
Lair:1:   layout_hall_layers, gammafunk_ghost_hive, gauntlet_entry_generic
Gauntlet: minmay_gauntlet_mixed_oops_all_seconds
          [minmay_gauntlet_arena_77_two_paths, gammafunk_gauntlet_arena_open,
          minmay_gauntlet_arena_77_fan, nicolae_gauntlet_arena_quarters,
          minmay_gauntlet_arena_77_squiggly, gammafunk_gauntlet_arena_mazey,
          dreamdust_gauntlet_exit_labyrinth]

Skill      XL: |  1  2  3  4  5  6  7  8  9 10 11 |
---------------+----------------------------------+-----
Ranged Weapons | 3 12 13 14 16 | 16.2
Fighting       | 2 11 | 11.0
Armour         | 1 2 3 4 5 |  5.1
Dodging        | 3 4 5 6 7 8 |  8.0
Invocations    | 2 4 5 |  5.5
Spellcasting   | |  1.0
Hexes          | |  2.0

Action                     |  1- 3 |  4- 6 |  7- 9 | 10-12 || total
---------------------------+-------+-------+-------+-------++-------
   Fire: Sling             |    93 |       |       |       ||    93
         Longbow           |    13 |    18 |   269 |   299 ||   599
 Invoke: Heroism           |       |       |     2 |    18 ||    20
    Use: Scroll            |     8 |     1 |     6 |     4 ||    19
         Potion            |     2 |     1 |     5 |       ||     8
 Armour: Robe              |     4 |       |       |       ||     4
         Ring mail         |     2 |     1 |    29 |    34 ||    66
  Dodge: Dodged            |    21 |     3 |    36 |   136 ||   196

Table legend:
 A = Non-vault XP
 B = Vault XP
 C = Vault XP percentage of total XP
 D = Non-vault monster count
 E = Vault monster count
 F = Vault count percentage of total count
                 A         B        C        D         E       F
            +---------+---------+-------+---------+---------+-------
      Total |    9616 |   10252 |  51.6 |     171 |     134 |  43.9
            +---------+---------+-------+---------+---------+-------
        D:1 |      28 |       0 |   0.0 |      15 |       0 |   0.0
        D:2 |      34 |       4 |  10.5 |      17 |       2 |  10.5
        D:3 |      16 |       2 |  11.1 |       9 |       1 |  10.0
        D:4 |     274 |     281 |  50.6 |      22 |       1 |   4.3
        D:5 |     408 |       0 |   0.0 |      14 |       0 |   0.0
        D:6 |     644 |     604 |  48.4 |      13 |      12 |  48.0
        D:7 |    1508 |    1966 |  56.6 |      24 |       7 |  22.6
        D:8 |    1297 |    3043 |  70.1 |      12 |      12 |  50.0
        D:9 |    1797 |     862 |  32.4 |      32 |      37 |  53.6
       D:10 |    1351 |    3252 |  70.6 |       6 |       4 |  40.0
     Lair:1 |    2259 |       0 |   0.0 |       7 |       0 |   0.0
      Sewer |       0 |     238 | 100.0 |       0 |      58 | 100.0
            +---------+---------+-------+---------+---------+-------
